Map: Noche de los muertos

Players

Lange

  • Race: Protoss Protoss
  • Spawn Location: 0:00

Jaencio

  • Race: Zerg Zerg

VOD

Have the link to the VOD?

Description

Time

  • Played on: May 20, 2025, 5:05 a.m.
  • Length: 23:50
Show
View Real Time Build Order
Export as new Build Order

Lange Protoss 

Build Orders:  

Get SALT Encoding   

  12  0:05  Probe (Chrono Boost)  
  13  0:19  Probe (Chrono Boost)  
  14  0:33  Probe (Chrono Boost)  
  14  0:38  Xel'Naga Passageway  
  15  0:47  Probe (Chrono Boost)  
  16  1:01  Probe (Chrono Boost)  
  17  1:14  Probe (Chrono Boost)  
  18  1:28  Probe (Chrono Boost)  
  19  1:42  Probe (Chrono Boost)  
  19  1:47  Core Forge  
  20  1:56  Probe (Chrono Boost)  
  20  1:57  Core Forge  
  21  2:19  Core Forge  
  21  2:32  Probe (Chrono Boost)  
  22  2:41  Tesseract Cannon  
  22  2:46  Probe (Chrono Boost)  
  23  2:52  Tesseract Cannon  
  19  3:00  Probe (Chrono Boost)  
  24  3:13  Probe (Chrono Boost)  
  24  3:18  Tesseract Cannon  
  25  3:27  Probe (Chrono Boost)  
  26  3:37  Tesseract Cannon  
  26  4:29  Tesseract Cannon  
  26  4:56  Tesseract Cannon  
  26  5:02  Tesseract Cannon  
  26  5:03  Tesseract Cannon  
  26  5:44  Tesseract Cannon  
  26  5:56  Core Forge x2  
  26  6:00  Constructs Facility  
  26  6:07  Void Shrine  
  26  6:25  Core Forge  
  26  6:32  Void Shrine  
  26  6:47  Tesseract Cannon  
  26  7:26  Tesseract Cannon  
  26  7:30  Tesseract Cannon  
  26  7:34  Tesseract Cannon  
  26  7:54  Tesseract Cannon  
  26  8:06  Probe (Chrono Boost)  
  27  8:19  Probe (Chrono Boost)  
  27  8:25  Tesseract Cannon  
  28  8:41  Tesseract Cannon  
  28  8:59  Tesseract Cannon  
  28  9:31  Tesseract Cannon  
  28  9:40  Tesseract Cannon  
  28  10:44  Tesseract Cannon  
  28  10:47  Tesseract Cannon  
  28  10:49  Tesseract Cannon  
  28  11:09  Tesseract Cannon  
  28  11:10  Xel'Naga Watcher  
  28  11:25  Xel'Naga Watcher  
  28  11:36  Unknown  
  28  11:39  Tesseract Cannon  
  28  11:40  Xel'Naga Watcher  
  28  11:48  Unknown x4  
  28  11:55  Xel'Naga Watcher  
  28  12:02  Tesseract Cannon  
  28  12:15  Tesseract Cannon  
  28  12:28  Tesseract Cannon  
  28  12:45  Tesseract Cannon  
  28  13:09  Tesseract Cannon  
  28  13:31  Constructs Bay  
  28  14:42  Tesseract Cannon  
  28  14:44  Tesseract Cannon  
  28  14:46  Tesseract Cannon  
  28  14:47  Unknown  
  28  14:59  Unknown x4  
  28  15:35  Tesseract Cannon  
  28  15:36  Tesseract Cannon  
  28  15:38  Tesseract Cannon  
  28  15:41  Tesseract Cannon  
  28  16:38  Tesseract Cannon  
  28  16:40  Tesseract Cannon  
  28  16:41  Tesseract Cannon  
  28  16:57  Tesseract Cannon  
  28  17:16  Tesseract Cannon  
  28  17:35  Tesseract Cannon  
  28  17:47  Unknown  
  28  17:59  Unknown x4  
  28  18:48  Tesseract Cannon  
  28  18:49  Tesseract Cannon  
  28  18:51  Tesseract Cannon  
  28  18:54  Tesseract Cannon  
  28  20:23  Tesseract Cannon  
  28  20:24  Tesseract Cannon  
  28  20:27  Tesseract Cannon  
  28  20:28  Tesseract Cannon  
  28  20:33  Unknown  
  28  20:44  Unknown x4  
  28  22:02  Tesseract Cannon  
  28  22:21  Serdath Legion  
Show
View Real Time Build Order
Export as new Build Order

Jaencio Zerg 

Build Orders:  

Get SALT Encoding   

  12  0:04  Drone  
  13  0:18  Overlord  
  13  0:21  Drone  
  14  0:32  Overlord  
  14  0:46  Drone  
  14  0:47  Drone x2  
  17  1:18  Hatchery  
  16  1:22  Drone x2  
  16  1:24  Drone  
  16  1:27  Drone  
  20  1:56  Drone x4  
  20  1:57  Drone  
  25  2:13  Drone  
  25  2:14  Drone  
  27  2:25  Drone x2  
  29  2:30  Drone x2  
  31  2:40  Extractor  
  31  2:42  Extractor  
  31  2:43  Extractor  
  31  2:45  Spawning Tool  
  31  2:46  Drone x3  
  30  2:59  Drone  
  31  3:00  Drone x2  
  33  3:15  Drone x3  
  33  3:17  Overlord  
  36  3:20  Overlord  
  36  4:27  Drone x3  
  36  4:28  Drone  
  40  4:39  Infestation Pit  
  39  4:40  Hydralisk Den  
  39  4:45  Evolution Chamber  
  37  4:50  Evolution Chamber  
  36  5:13  Metabolic Boost  
  36  5:14  Hardened Ergonergy Shield  
  36  5:16  Drone x3  
  36  5:17  Drone  
  36  5:19  Overlord x2  
  33  5:20  Overlord x3  
  40  6:10  Zergling x2  
  40  6:11  Zergling x10  
  46  6:22  Zerg Missile Weapons Level 1, Zerg Ground Armor Level 1, Zerg Melee Weapons Level 1  
  46  6:26  Overlord  
  46  6:27  Overlord x5  
  46  6:38  Hatchery  
  45  6:46  Muscular Augments, Erudition Missile Launchers  
  54  7:25  Hydralisk  
  54  7:26  Hydralisk x3  
  54  7:29  Zergling, Hydralisk  
  55  7:32  Zergling  
  55  7:34  Zergling  
  55  7:37  Zergling  
  55  7:42  Zergling  
  55  7:47  Zergling  
  54  7:51  Overseer x2  
  54  7:52  Overseer x2  
  54  7:57  Zergling x4  
  54  7:58  Zergling x2  
  56  8:00  Hydralisk x3  
  56  8:06  Adrenal Glands  
  61  8:27  Zergling  
  61  8:33  Zergling x2  
  61  8:34  Zergling x16  
  61  8:35  Zergling x2  
  71  8:48  Pneumatized Carapace  
  70  9:06  Zergling  
  70  9:08  Zergling  
  70  9:10  Zerg Missile Weapons Level 2, Zergling, Zerg Melee Weapons Level 2  
  70  9:11  Zerg Ground Armor Level 2, Zergling  
  70  9:23  Zergling  
  70  9:25  Zergling  
  70  9:27  Zergling  
  68  9:40  Hydralisk  
  68  9:41  Hydralisk x5  
  79  9:52  Zergling  
  79  9:59  Zergling  
  78  10:03  Zergling  
  78  10:04  Hydralisk  
  78  10:05  Zergling x2, Hydralisk x2  
  78  10:06  Zergling x9  
  89  10:19  Zergling  
  89  10:27  Zergling  
  88  10:38  Zergling  
  88  10:39  Zergling x2  
  87  10:40  Zergling x18  
  87  10:41  Zergling x2  
  87  10:49  Tyr-Class Targeting System  
  98  10:51  Zergling  
  98  10:53  Zergling  
  98  10:55  Zergling  
  98  10:56  Zergling  
  98  10:57  Zergling  
  98  10:59  Zergling  
  97  11:02  Zergling  
  97  11:04  Zergling  
  97  11:06  Zergling x2  
  94  11:22  Hydralisk x3  
  94  11:23  Hydralisk x2  
  94  11:26  Zergling  
  94  11:29  Zergling  
  102  11:36  Zergling  
  102  11:41  Zergling  
  102  11:43  Zergling  
  102  11:45  Zergling x2  
  102  11:46  Zergling  
  102  11:47  Zergling x3  
  102  11:48  Zergling x2  
  102  11:49  Zergling  
  102  11:50  Zergling  
  102  11:51  Zergling x2  
  102  11:52  Zergling  
  102  11:53  Zergling  
  92  12:16  Baneling Nest  
  86  12:30  Zergling  
  85  12:57  Zergling, Hydralisk  
  85  12:58  Zergling x2, Hydralisk x11  
  85  12:59  Zergling x8  
  110  13:03  Zergling  
  114  13:20  Zergling x2  
  114  13:21  Zergling x12  
  114  13:24  Hydralisk  
  114  13:27  Zergling  
  120  13:34  Zergling x6  
  120  13:35  Zergling x2  
  120  13:39  Zergling  
  124  13:41  Anti-Centripetal Rocket Servos  
  123  14:24  Zergling  
  123  14:33  Zergling  
  123  14:35  Zergling  
  123  14:37  Zergling  
  123  14:38  Zergling  
  123  14:40  Zergling  
  123  14:46  Zergling  
  123  14:48  Zergling  
  123  14:49  Zergling x2  
  123  14:50  Zergling x22  
  123  14:51  Zergling x12  
  123  14:52  Zergling  
  123  14:59  Zergling  
  140  15:02  Zergling  
  138  15:11  Zergling x2  
  138  15:12  Zergling x10  
  138  15:13  Zergling  
  138  15:16  Zerg Ground Armor Level 3, Zerg Missile Weapons Level 3, Zerg Melee Weapons Level 3  
  142  15:36  Zergling x2  
  142  15:37  Zergling x3  
  142  15:38  Zergling  
  142  15:39  Zergling  
  141  15:45  Zergling x3  
  141  15:46  Zergling x2  
  141  15:47  Zergling x4  
  141  15:49  Zergling x2  
  141  15:50  Zergling x4  
  141  15:51  Zergling  
  141  15:52  Zergling x2  
  141  15:53  Zergling  
  141  15:55  Zergling  
  141  15:58  Zergling  
  141  16:00  Zergling  
  135  16:31  Zergling x8  
  135  16:32  Zergling x14  
  146  16:52  Zergling x2  
  146  16:53  Zergling x3  
  146  16:56  Zergling  
  146  16:57  Zergling  
  146  16:58  Zergling  
  146  16:59  Zergling  
  146  17:00  Egonergy Enhanced Explosives, Zergling  
  146  17:01  Zergling, Egonergy Efficient Barrier  
  146  17:02  Zergling  
  146  17:03  Zergling  
  146  17:07  Zergling x2  
  146  17:10  Zergling  
  146  17:18  Zergling  
  145  17:22  Zergling  
  145  17:25  Zergling  
  143  17:55  Zergling x2  
  143  17:56  Zergling x11  
  143  17:57  Zergling x8  
  143  17:58  Zergling x2  
  143  18:00  Zergling x3  
  143  18:01  Zergling x3  
  143  18:02  Zergling x2  
  143  18:03  Zergling x2  
  143  18:04  Zergling  
  143  18:05  Zergling x2  
  143  18:06  Zergling  
  143  18:09  Zergling  
  143  18:10  Zergling  
  143  18:11  Zergling x2  
  143  18:14  Zergling  
  143  18:19  Zergling  
  141  18:22  Zergling  
  141  18:25  Zergling x2  
  141  18:27  Zergling  
  139  18:32  Zergling  
  114  19:06  Zergling x3  
  114  19:07  Zergling x16  
  114  19:08  Zergling x18  
  132  19:10  Zergling  
  132  19:16  Zergling  
  132  19:17  Zergling  
  132  19:18  Zergling x2  
  132  19:20  Zergling  
  132  19:24  Zergling  
  131  19:30  Zergling  
  131  19:31  Zergling  
  131  19:32  Zergling  
  131  19:33  Zergling  
  131  19:34  Zergling  
  131  19:36  Hydralisk  
  130  19:40  Zergling  
  130  19:42  Zergling  
  130  19:45  Zergling  
  130  19:48  Zergling  
  128  19:50  Zergling x2  
  128  19:54  Zergling  
  128  19:56  Zergling  
  128  19:59  Zergling  
  121  20:02  Hydralisk  
  121  20:03  Zergling  
  121  20:05  Zergling  
  121  20:06  Zergling  
  121  20:07  Hydralisk  
  116  20:12  Hydralisk  
  116  20:13  Zergling, Hydralisk x13  
  116  20:14  Zergling  
  116  20:15  Hydralisk  
  116  20:16  Zergling  
  116  20:17  Zergling, Hydralisk  
  116  20:18  Zergling  
  138  20:20  Hydralisk  
  138  20:22  Hydralisk  
  138  20:23  Zergling  
  138  20:24  Zergling  
  138  20:27  Zergling  
  94  20:50  Zergling  
  94  20:51  Zergling  
  94  20:58  Zergling x6  
  94  20:59  Zergling x22  
  87  21:01  Hydralisk  
  87  21:04  Zergling x2  
  87  21:05  Zergling x2  
  98  21:13  Hydralisk  
  97  21:39  Zergling  
  91  21:46  Hydralisk  
  87  21:53  Hydralisk  
  87  21:57  Zergling  
  85  22:00  Zergling x2, Hydralisk  
  85  22:01  Zergling x18, Overlord  
  85  22:02  Zergling x12  
  85  22:03  Zergling  
  85  22:08  Zergling  
  85  22:09  Zergling  
  99  22:16  Zergling  
  98  22:24  Zergling  
  98  22:26  Zergling  
  98  22:27  Zergling, Hydralisk  
  98  22:28  Zergling  
  98  22:29  Zergling  
  85  22:30  Zergling  
  85  22:31  Zergling x2  
  85  22:32  Zergling x2  
  85  22:33  Zergling  
  85  22:37  Zergling  
  85  22:38  Hydralisk  
  85  22:39  Zergling  
  79  22:40  Zergling  
  79  22:41  Zergling  
  79  22:42  Zergling x3  
  79  22:43  Zergling x2  
  78  22:53  Zergling  
  78  22:56  Zergling  
  78  22:57  Zergling  
  78  22:58  Zergling x2  
  78  22:59  Zergling x20  
  75  23:00  Zergling x10  
  75  23:01  Zergling  
  75  23:05  Zergling  
Tags
 
Add a new tag
Caveats
  • Supply blocks, unpowered buildings, or Contaminate may cause inaccurate times.
  • Supply counts are checked every 10 seconds.